PA
VALLEY BLUE SOX @ MANCELONA TORCH
09/02/2034
 
TOP OF THE 1ST
Valley Blue Sox batting - Pitching for Mancelona Torch : RHP Tomás Mata
Pitching: RHP Tomás Mata
Batting: RHB Dale Epner 0-0: Fly out, F9 (Flyball, 9LM)
Batting: SHB Donnie Magee 0-0: Ball
1-0: Ball
2-0: Ground out 4-3 (Groundball, 4D)
Batting: RHB Richard Trevithick 0-0: Ball
1-0: Called Strike
1-1: Foul Ball, location: 2F
1-2: Ball
2-2: Fly out, F7 (Line Drive, 7S)
Top of the 1st over - 0 runs, 0 hits, 0 errors, 0 left on base; Valley 0 - Mancelona 0
BOTTOM OF THE 1ST
Mancelona Torch batting - Pitching for Valley Blue Sox : LHP Anthony Hood
Pitching: LHP Anthony Hood
Batting: RHB Marty Aspen 0-0: Ground out 1-3 (Groundball, 13S)
Batting: RHB Magtanggol Florencio 0-0: Swinging Strike
0-1: Ball
1-1: SINGLE (Line Drive, 4M)
Batting: LHB Basava Puri 0-0: Ball
1-0: Ball
2-0: Called Strike
2-1: Ball
Magtanggol Florencio steals 2nd base
3-1: Called Strike
3-2: Foul Ball, location: 2F
3-2: Fly out, F9 (Flyball, 9S)
Batting: SHB Arend van der Veen 0-0: Foul Ball, location: 2F
0-1: Fly out, F5 (Popup, 56S)
Bottom of the 1st over - 0 runs, 1 hit, 0 errors, 1 left on base; Valley 0 - Mancelona 0
TOP OF THE 2ND
Valley Blue Sox batting - Pitching for Mancelona Torch : RHP Tomás Mata
Batting: RHB Jon Huband 0-0: Foul Ball, location: 2F
0-1: Ground out U3 (Groundball, 34)
Batting: LHB Walter Butler 0-0: Called Strike
0-1: Ball
1-1: Swinging Strike
1-2: Ball
2-2: Foul Ball, location: 2F
2-2: Strikes out swinging
Batting: RHB Dallas Jiménez 0-0: Called Strike
0-1: Ball
1-1: Ball
2-1: Ball
3-1: Called Strike
3-2: Foul Ball, location: 2F
3-2: Fly out, F6 (Popup, 6S)
Top of the 2nd over - 0 runs, 0 hits, 0 errors, 0 left on base; Valley 0 - Mancelona 0
BOTTOM OF THE 2ND
Mancelona Torch batting - Pitching for Valley Blue Sox : LHP Anthony Hood
Batting: LHB Duncan Witteman 0-0: Called Strike
0-1: Swinging Strike
0-2: Foul Ball, location: 2F
0-2: Ball
1-2: Ball
2-2: Fly out, F8 (Flyball, 8LD)
Batting: LHB Charles Godard 0-0: Ball
1-0: Ball
2-0: Ball
3-0: Called Strike
3-1: Foul Ball, location: 2F
3-2: Foul Ball, location: 2F
3-2: Strikes out swinging
Batting: RHB Hjalmar Bisseling 0-0: Ball
1-0: Ball
2-0: Fly out, F8 (Flyball, 8LD)
Bottom of the 2nd over - 0 runs, 0 hits, 0 errors, 0 left on base; Valley 0 - Mancelona 0
TOP OF THE 3RD
Valley Blue Sox batting - Pitching for Mancelona Torch : RHP Tomás Mata
Batting: RHB Júlio Hernández 0-0: Ball
1-0: Called Strike
1-1: Ball
2-1: Ball
3-1: Swinging Strike
3-2: Strikes out swinging
Batting: RHB Grady Harris 0-0: Swinging Strike
0-1: Foul Ball, location: 2F
0-2: Strikes out looking
Batting: LHB Stuart Janssen 0-0: Swinging Strike
0-1: Ball
1-1: Foul Ball, location: 2F
1-2: Strikes out swinging
Top of the 3rd over - 0 runs, 0 hits, 0 errors, 0 left on base; Valley 0 - Mancelona 0
BOTTOM OF THE 3RD
Mancelona Torch batting - Pitching for Valley Blue Sox : LHP Anthony Hood
Batting: LHB Ed Holte 0-0: Ball
1-0: Called Strike
1-1: Ball
2-1: SINGLE (Groundball, 4MD)
Batting: SHB Carlos Morales 0-0: Ball
1-0: Called Strike
1-1: Ball
2-1: Foul Ball, location: 2F
2-2: Fly out, F9 (Line Drive, 9LM)
Batting: RHB Marty Aspen 0-0: Called Strike
0-1: Fly out, F9 (Flyball, 9S)
Batting: RHB Magtanggol Florencio 0-0: Ground out 4-3 (Groundball, 4M)
Bottom of the 3rd over - 0 runs, 1 hit, 0 errors, 1 left on base; Valley 0 - Mancelona 0
TOP OF THE 4TH
Valley Blue Sox batting - Pitching for Mancelona Torch : RHP Tomás Mata
Batting: RHB Dale Epner 0-0: Ball
1-0: Called Strike
1-1: Ball
2-1: Foul Ball, location: 2F
2-2: Ball
3-2: Base on Balls
Batting: SHB Donnie Magee 0-0: Ball
1-0: SINGLE (Groundball, 34D)
Dale Epner to second
Runner from 2nd tries for 3rd, SAFE, no throw
Batting: RHB Richard Trevithick 0-0: Ball
1-0: Foul Ball, location: 2F
1-1: Ball
2-1: Called Strike
2-2: Foul Ball, location: 2F
2-2: Foul Ball, location: 2F
2-2: Fly out, F8 (Line Drive, 8LM)
Runner from 3rd tags up, SCORES, no throw
Batting: RHB Jon Huband 0-0: Ball
1-0: Called Strike
1-1: Swinging Strike
1-2: Ball
2-2: Fly out, F4 (Popup, 34)
Batting: LHB Walter Butler 0-0: Ball
1-0: Ball
2-0: Ball
3-0: Called Strike
3-1: Swinging Strike
3-2: Foul Ball, location: 2F
3-2: Foul Ball, location: 2F
3-2: Foul Ball, location: 2F
3-2: Foul Ball, location: 2F
3-2: Base on Balls
Donnie Magee to second
Batting: RHB Dallas Jiménez 0-0: Foul Ball, location: 2F
0-1: Ball
1-1: Fielders Choice at 2nd, 5-4 (Groundball, 56)
Top of the 4th over - 1 run, 1 hit, 0 errors, 2 left on base; Valley 1 - Mancelona 0
BOTTOM OF THE 4TH
Mancelona Torch batting - Pitching for Valley Blue Sox : LHP Anthony Hood
Batting: LHB Basava Puri 0-0: Fly out, F8 (Flyball, 8RM)
Batting: SHB Arend van der Veen 0-0: Ball
1-0: Ball
2-0: Foul Ball, location: 2F
2-1: Foul Ball, location: 2F
2-2: Ball
3-2: Strikes out swinging
Batting: LHB Duncan Witteman 0-0: Ball
1-0: Ball
2-0: Called Strike
2-1: Ground out U3 (Groundball, 3)
Bottom of the 4th over - 0 runs, 0 hits, 0 errors, 0 left on base; Valley 1 - Mancelona 0
TOP OF THE 5TH
Valley Blue Sox batting - Pitching for Mancelona Torch : RHP Tomás Mata
Batting: RHB Júlio Hernández 0-0: SINGLE (Line Drive, 6)
Batting: RHB Grady Harris 0-0: Ball
1-0: Bunt missed!
1-1: Sac Bunt - play at first, batter OUT! 1-4
Júlio Hernández to second
Batting: LHB Stuart Janssen 0-0: Ball
1-0: Ball
2-0: Ground out 6-3 (Groundball, 6)
Júlio Hernández to third
Batting: RHB Dale Epner 0-0: Ball
1-0: Fly out, F3 (Line Drive, 3L)
Top of the 5th over - 0 runs, 1 hit, 0 errors, 1 left on base; Valley 1 - Mancelona 0
BOTTOM OF THE 5TH
Mancelona Torch batting - Pitching for Valley Blue Sox : LHP Anthony Hood
Batting: LHB Charles Godard 0-0: Foul Ball, location: 2F
0-1: Ball
1-1: Foul Ball, location: 2F
1-2: Ball
2-2: Strikes out swinging
Batting: RHB Hjalmar Bisseling 0-0: Foul Ball, location: 2F
0-1: Called Strike
0-2: Strikes out swinging
Batting: LHB Ed Holte 0-0: Ball
1-0: Called Strike
1-1: Ball
2-1: Foul Ball, location: 2F
2-2: Strikes out swinging
Bottom of the 5th over - 0 runs, 0 hits, 0 errors, 0 left on base; Valley 1 - Mancelona 0
TOP OF THE 6TH
Valley Blue Sox batting - Pitching for Mancelona Torch : RHP Tomás Mata
Batting: SHB Donnie Magee 0-0: Ball
1-0: Called Strike
1-1: Swinging Strike
1-2: Strikes out looking
Batting: RHB Richard Trevithick 0-0: Ball
1-0: Called Strike
1-1: Foul Ball, location: 2F
1-2: Ball
2-2: Strikes out swinging
Batting: RHB Jon Huband 0-0: Called Strike
0-1: Foul Ball, location: 2F
0-2: Strikes out looking
Top of the 6th over - 0 runs, 0 hits, 0 errors, 0 left on base; Valley 1 - Mancelona 0
BOTTOM OF THE 6TH
Mancelona Torch batting - Pitching for Valley Blue Sox : LHP Anthony Hood
Batting: SHB Carlos Morales 0-0: Foul Ball, location: 2F
0-1: Foul Ball, location: 2F
0-2: Strikes out looking
Batting: RHB Marty Aspen 0-0: SINGLE (Line Drive, 6M)
Batting: RHB Magtanggol Florencio 0-0: Ball
1-0: Ball
2-0: Fly out, F8 (Line Drive, 8LD)
Batting: LHB Basava Puri 0-0: Called Strike
0-1: Swinging Strike
0-2: Strikes out swinging
Bottom of the 6th over - 0 runs, 1 hit, 0 errors, 1 left on base; Valley 1 - Mancelona 0
TOP OF THE 7TH
Valley Blue Sox batting - Pitching for Mancelona Torch : RHP Tomás Mata
Batting: LHB Walter Butler 0-0: Ball
1-0: Ball
2-0: Ball
3-0: Called Strike
3-1: Called Strike
3-2: Strikes out swinging
Batting: RHB Dallas Jiménez 0-0: Ball
1-0: SINGLE (Groundball, 56S) (infield hit)
Pitching: LHP José Costa
Batting: RHB Júlio Hernández 0-0: Ball
1-0: Fly out, F9 (Line Drive, 9S)
Batting: RHB Grady Harris 0-0: Ball
1-0: Called Strike
1-1: Ball
Wild Pitch!
Dallas Jiménez to second
2-1: Called Strike
2-2: Foul Ball, location: 2F
2-2: Hit by Pitch
Pinch Hitting: RHB Tonito Lamoste 0-0: Swinging Strike
0-1: Ball
Wild Pitch!
Dallas Jiménez to third
Grady Harris to second
1-1: Ball
2-1: Foul Ball, location: 2F
2-2: Ground out 4-3 (Groundball, 4)
Top of the 7th over - 0 runs, 1 hit, 0 errors, 2 left on base; Valley 1 - Mancelona 0
BOTTOM OF THE 7TH
Mancelona Torch batting - Pitching for Valley Blue Sox : LHP Anthony Hood
Now at 1B: Jeff Fox
Batting: SHB Arend van der Veen 0-0: Called Strike
0-1: Swinging Strike
0-2: Foul Ball, location: 2F
0-2: Ball
1-2: Ball
2-2: Ball
3-2: Fly out, F8 (Flyball, 8LD)
Batting: LHB Duncan Witteman 0-0: Called Strike
0-1: Ball
1-1: Called Strike
1-2: Fly out, F9 (Flyball, 9D)
Batting: LHB Charles Godard 0-0: Ground out 4-3 (Groundball, 4)
Bottom of the 7th over - 0 runs, 0 hits, 0 errors, 0 left on base; Valley 1 - Mancelona 0
TOP OF THE 8TH
Valley Blue Sox batting - Pitching for Mancelona Torch : LHP José Costa
Batting: RHB Dale Epner 0-0: Called Strike
0-1: Ball
1-1: Foul Ball, location: 2F
1-2: Ball
2-2: Strikes out looking
Batting: SHB Donnie Magee 0-0: Ground out 6-3 (Groundball, 56)
Batting: RHB Richard Trevithick 0-0: Foul Ball, location: 2F
0-1: Foul Ball, location: 2F
0-2: Ball
1-2: Ball
2-2: Foul Ball, location: 2F
2-2: Foul Ball, location: 2F
2-2: SINGLE (Line Drive, 89S)
Batting: RHB Jon Huband 0-0: Ball
1-0: Ball
2-0: Called Strike
2-1: Ball
3-1: Fly out, F8 (Flyball, 8RS)
Top of the 8th over - 0 runs, 1 hit, 0 errors, 1 left on base; Valley 1 - Mancelona 0
BOTTOM OF THE 8TH
Mancelona Torch batting - Pitching for Valley Blue Sox : LHP Anthony Hood
Batting: RHB Hjalmar Bisseling 0-0: Ball
1-0: SINGLE (Groundball, 34S) (infield hit)
Pinch Hitting: RHB Wen Chua 0-0: Ball
1-0: Called Strike
1-1: Called Strike
1-2: Foul Ball, location: 2F
1-2: Foul Ball, location: 2F
1-2: Fly out, F9 (Flyball, 9)
Batting: SHB Carlos Morales 0-0: Foul Ball, location: 2F
0-1: Swinging Strike
0-2: Strikes out swinging
Batting: RHB Marty Aspen 0-0: Ball
1-0: Ground out 5-3 (Groundball, 56)
Bottom of the 8th over - 0 runs, 1 hit, 0 errors, 1 left on base; Valley 1 - Mancelona 0
TOP OF THE 9TH
Valley Blue Sox batting - Pitching for Mancelona Torch : LHP José Costa
Now in RF: Bryan Uchacz
Batting: LHB Walter Butler 0-0: Ball
1-0: Swinging Strike
1-1: Foul Ball, location: 2F
1-2: Ball
2-2: Ball
3-2: Ground out 4-3 (Groundball, 4)
Batting: RHB Dallas Jiménez 0-0: Swinging Strike
0-1: Foul Ball, location: 2F
0-2: Ball
1-2: Ball
2-2: Ground out 5-3 (Groundball, 56)
Batting: RHB Júlio Hernández 0-0: Ball
1-0: Swinging Strike
1-1: Foul Ball, location: 2F
1-2: Strikes out looking
Top of the 9th over - 0 runs, 0 hits, 0 errors, 0 left on base; Valley 1 - Mancelona 0
BOTTOM OF THE 9TH
Mancelona Torch batting - Pitching for Valley Blue Sox : LHP Anthony Hood
Batting: RHB Magtanggol Florencio 0-0: Ball
1-0: Ball
2-0: SINGLE (Line Drive, 7S)
Batting: LHB Basava Puri 0-0: Ball
1-0: Swinging Strike
1-1: Foul Ball, location: 2F
1-2: Foul Ball, location: 2F
1-2: SINGLE (Flyball, 8RM)
Magtanggol Florencio to second
Runner from 2nd tries for 3rd, SAFE, throw made to third
Pitching: RHP Bligh Madris
Batting: SHB Arend van der Veen 0-0: Swinging Strike
Pickoff Throw to First - Out!
0-1: Foul Ball, location: 2F
0-2: Ball
1-2: Strikes out swinging
Batting: LHB Duncan Witteman 0-0: Called Strike
0-1: Ground out U3 (Groundball, 34)
Bottom of the 9th over - 0 runs, 2 hits, 0 errors, 1 left on base; Valley 1 - Mancelona 0
Friday, March 29th, 2019 - OOTP Baseball 18.8 Build 76